 Dungeon Crawl Stone Soup version 0.18.1-48-g4cf74bf (webtiles) character file.

1517 dvd the Grave Robber (level 8, -4/56 HPs)
             Began as a Demonspawn Necromancer on Aug 1, 2016.
             Slain by Dargon's ghost (8 damage)
             ... on level 6 of the Dungeon.
             The game lasted 00:23:04 (5464 turns).

dvd the Grave Robber (Demonspawn Necromancer)       Turns: 5464, Time: 00:23:05

Health: -4/56      AC:  4    Str: 13    XL:     8   Next: 54%
Magic:  0/25       EV: 14    Int: 17    God:
Gold:   209        SH:  2    Dex: 14    Spells: 4 memorised, 7 levels left

rFire  + . .     SeeInvis .     b - +2 quarterstaff (chaos)
rCold  . . .     Gourm    .     j - +0 robe
rNeg   . . .     Faith    .     (shield currently unavailable)
rPois  +         Spirit   +     (helmet restricted)
rElec  .         Dismiss  .     r - +0 cloak
rCorr  .         Reflect  +     g - +0 pair of gloves
SustAt .         Harm     .     (no boots)
MR     .....                    G - amulet "Ixyp Saschu" {Reflect *Corrode rPois MP+9 Str+3 SH+2}
Stlth  ++........               (no ring)
                                n - ring of flight

@: not resistant to hostile enchantments, unstealthy
A: antennae 1, fire resistance 1, magic shield, magic regeneration
a: Evoke Flight


You were on level 6 of the Dungeon.
You were not hungry.

You visited 1 branch of the dungeon, and saw 6 of its levels.

You collected 209 gold pieces.

Inventory:

Hand Weapons
 a - a +1 dagger of venom
 b - a +2 quarterstaff of chaos (weapon)
 y - a +0 mace of protection
Missiles
 e - 4 tomahawks (quivered)
 p - 3 javelins
 E - 7 arrows
Armour
 g - a +0 pair of gloves (worn)
 i - a +0 helmet
 j - a +0 robe (worn)
 r - a +0 cloak (worn)
Magical Staves
 s - an uncursed staff of earth
Jewellery
 n - a ring of flight (left hand)
 G - the amulet "Ixyp Saschu" (around neck) {Reflect *Corrode rPois MP+9 Str+3 SH+2}
   (You found it on level 6 of the Dungeon)

   [amulet of reflection]

   It shields you and reflects attacks.
   It affects your strength (+3).
   It protects you from poison.
   It affects your magic capacity (+9).
   It may corrode you when you take damage.
   It affects your SH (+2).
Wands
 f - a wand of polymorph (2/24)
 w - a wand of iceblast (5/15)
Scrolls
 d - 3 scrolls of remove curse
 h - a scroll of teleportation
 k - 2 scrolls of fear {unknown}
 l - 7 scrolls of identify
 x - a scroll of enchant armour {unknown}
Potions
 m - a potion of ambrosia {unknown}
 o - a potion of flight {unknown}
 t - 2 potions of heal wounds {unknown}
 z - a potion of mutation {unknown}
 A - a potion of agility {unknown}
 B - a potion of lignification {unknown}
 C - a potion of invisibility {unknown}
 D - a potion of magic {unknown}
Books
 q - a book of Necromancy

   Spells                             Type                      Level
   a - Pain                           Necromancy                   1
   b - Animate Skeleton               Necromancy                   1
   c - Vampiric Draining              Necromancy                   3
   d - Regeneration                   Charms/Necromancy            3
   e - Animate Dead                   Necromancy                   4
   f - Control Undead                 Necromancy                   4
 u - a book of the Warp

   Spells                             Type                      Level
   a - Recall                         Summoning/Translocation      3
   b - Gell's Gravitas                Hexes/Translocation          3
   c - Force Lance                    Conjuration/Translocation    4
   d - Warp Weapon                    Charms/Translocation         5
   e - Summon Forest                  Summoning/Translocation      5
 v - a Necronomicon

   Spells                             Type                      Level
   a - Haunt                          Necromancy/Summoning         7
   b - Borgnjor's Revivification      Necromancy                   8
   c - Death's Door                   Charms/Necromancy            8
   d - Necromutation                  Transmutation/Necromancy     8
Comestibles
 c - 4 bread rations
 H - a meat ration


   Skills:
 + Level 2.2 Fighting
 + Level 0.1 Short Blades
 + Level 2.6 Staves
 + Level 4.5 Dodging
 + Level 2.9 Stealth
 + Level 5.6 Spellcasting
 + Level 1.9 Charms
 + Level 7.4 Necromancy


You had 7 spell levels left.
You knew the following spells:

 Your Spells              Type           Power        Failure   Level  Hunger
a - Pain                  Necr           ####         1%          1    None
b - Vampiric Draining     Necr           ####......   1%          3    ##.....
c - Regeneration          Chrm/Necr      ###.......   8%          3    ##.....
d - Animate Dead          Necr           N/A          10%         4    ####...


Dungeon Overview and Level Annotations

Branches:
Dungeon (6/15)
 Temple: D:4-7

Altars:
Cheibriados
Fedhas
Pakellas
Qazlal
Ru
Trog
Vehumet
Yredelemnul
The Shining One

Shops:
D:5 :

Annotations:
D:5 Pikel
D:6 Dargon's ghost, amateur FeTm


Innate Abilities, Weirdness & Mutations

You have a pair of small antennae on your head.
Your flesh is heat resistant.
When hurt, damage is shared between your health and your magic reserves.
You regenerate magic rapidly.


Message History

Your giant gecko zombie completely misses Dargon's ghost.
You hit Dargon's ghost.
Dargon's ghost flickers and vanishes!
Deactivating autopickup; reactivate with Ctrl-A.
Something hits you! x2
* * * LOW HITPOINT WARNING * * *
Your giant gecko zombie closely misses something.
Your giant gecko zombie crumbles into dust!
Something hits you!
* * * LOW HITPOINT WARNING * * *
There is an open door here.
Something hits you.
* * * LOW HITPOINT WARNING * * *
Drink which item? (? for menu, Esc to quit)
You feel better. Something hits you!
* * * LOW HITPOINT WARNING * * *
Unknown command.
Something hits you.
* * * LOW HITPOINT WARNING * * *
Something hits you!
You die...

####### #>......Z..Z.........#...
#.#.#.# #.#.##########...........
......###.#.### #<..###......##.
#.............# ###.# #.....####
......###.#...######.###....####.
#.._.............................
#<...)........#..............#...
##..)......####..........###.#...
#.........# #.@......))# #.....
#.........# #.{........# #.#...
#.........# #..........###.....
#.........# #..........Z....###
#.........# ###....####.###..#
#.........# #.#### #.####.#
#.........# #.# ####...##.##
########### ####.# #...........
#....# #........#..


There were no monsters in sight!

Vanquished Creatures
  Grinder (D:5)
  Edmund (D:5)
  2 slaves
  2 ogres (D:5)
  A centaur (D:6)
  Blork the orc (D:5)
  3 howler monkeys
  3 crimson imps
  3 hounds
  2 orc priests
  2 giant frog skeletons
  Crazy Yiuf (D:3)
  4 orc wizards (D:5)
  A worker ant (D:4)
  A hound zombie (D:5)
  A hound skeleton (D:4)
  3 adders
  8 gnolls
  2 adder skeletons
  2 worms (D:4)
  2 dart slugs
  5 giant geckos
  10 orcs
  6 ball pythons
  6 giant cockroaches
  9 hobgoblins
  2 jackals (D:3)
  4 kobolds
  3 quokkas
  10 bats
  6 giant newts
  6 goblins
  7 rats
120 creatures vanquished.

Vanquished Creatures (collateral kills)
  A black bear (D:6)
  A slave (D:5)
2 creatures vanquished.

Grand Total: 122 creatures vanquished

Notes
Turn   | Place    | Note
--------------------------------------------------------------
     0 | D:1      | dvd the Demonspawn Necromancer began the quest for the Orb.
     0 | D:1      | Reached XP level 1. HP: 13/13 MP: 3/3
   216 | D:1      | Gained mutation: When hurt, damage is shared between your health and your magic reserves. [demonic ancestry]
   216 | D:1      | Reached XP level 2. HP: 18/19 MP: 1/5
   993 | D:1      | Reached skill level 5 in Necromancy
  1103 | D:2      | Gained mutation: Your flesh is heat resistant. [demonic ancestry]
  1103 | D:2      | Reached XP level 3. HP: 24/24 MP: 6/6
  1254 | D:2      | Found a sacrificial altar of Ru.
  1418 | D:2      | Learned a level 3 spell: Vampiric Draining
  1936 | D:3      | Noticed Crazy Yiuf
  1944 | D:3      | Killed Crazy Yiuf
  1944 | D:3      | Gained mutation: You regenerate magic rapidly. [demonic ancestry]
  1944 | D:3      | Reached XP level 4. HP: 10/31 MP: 1/8
  1977 | D:3      | Learned a level 3 spell: Regeneration
  2046 | D:3      | Found a faded altar to an unknown god.
  2332 | D:4      | Gained mutation: You have a pair of small antennae on your head. [demonic ancestry]
  2332 | D:4      | Reached XP level 5. HP: 35/36 MP: 7/9
  2371 | D:4      | Noticed a phantom
  2719 | D:4      | Found an oddly glowing altar of Pakellas.
  2725 | D:4      | Reached skill level 6 in Necromancy
  2729 | D:4      | Reached XP level 6. HP: 33/42 MP: 9/11
  2785 | D:4      | Learned a level 4 spell: Animate Dead
  3158 | D:4      | Reached skill level 1 in Fighting
  3268 | D:4      | Found a basalt altar of Yredelemnul.
  3387 | D:5      | Entered Level 5 of the Dungeon
  3387 | D:5      | Noticed a slave
  3387 | D:5      | Noticed a slave
  3388 | D:5      | Noticed a slave
  3389 | D:5      | Noticed Pikel
  3389 | D:5      | Noticed a slave
  3399 | D:4      | Killed a slave
  3506 | D:5      | Noticed Grinder
  3517 | D:5      | Killed Grinder
  3517 | D:5      | Reached skill level 1 in Staves
  3517 | D:5      | Reached skill level 1 in Charms
  3517 | D:5      | Reached XP level 7. HP: 30/48 MP: 7/13
  3613 | D:5      | Found Rumnykust's Book Shoppe.
  3732 | D:5      | Found a stormy altar of Qazlal.
  3857 | D:5      | Noticed Blork the orc
  3869 | D:5      | Killed Blork the orc
  3934 | D:5      | Found a radiant altar of Vehumet.
  3943 | D:5      | Found a bloodstained altar of Trog.
  3945 | D:5      | Found a blossoming altar of Fedhas.
  4007 | D:5      | Found a glowing golden altar of the Shining One.
  4093 | D:5      | HP: 2/48 [orc (2)]
  4096 | D:5      | Reached skill level 7 in Necromancy
  4258 | D:5      | Reached XP level 8. HP: 35/54 MP: 12/15
  4397 | D:5      | Noticed Edmund
  4417 | D:5      | Killed Edmund
  4515 | D:5      | Reached skill level 5 in Spellcasting
  4973 | D:6      | Found a snail-covered altar of Cheibriados.
  4987 | D:6      | Noticed Dargon's ghost (amateur FeTm)
  5300 | D:6      | Got a twitching ivory amulet
  5301 | D:6      | Identified the amulet "Ixyp Saschu" {Reflect *Corrode rPois MP+9 Str+3 SH+2} (You found it on level 6 of the Dungeon)
  5453 | D:6      | HP: 2/56 [something (3)]
  5464 | D:6      | Slain by Dargon's ghost

Skill      XL: |  1  2  3  4  5  6  7  8 |
---------------+-------------------------+-----
Stealth        | 2 |  2.9
Dodging        | 2 3 4 |  4.5
Necromancy     | 5 6 7 |  7.4
Spellcasting   | 3 4 5 |  5.6
Fighting       | 1 2 |  2.2
Staves         | 1 2 |  2.6
Charms         | 1 |  1.9
Short Blades   | |  0.1

Action                   |  1- 3 |  4- 6 |  7- 9 || total
-------------------------+-------+-------+-------++-------
Melee: Unarmed           |     2 |       |       ||     2
       Dagger            |    42 |    15 |       ||    57
       Quarterstaff      |       |    86 |   127 ||   213
Throw: Tomahawk          |       |     2 |       ||     2
 Cast: Pain              |    52 |    32 |    23 ||   107
       Vampiric Draining |     2 |     8 |    23 ||    33
       Regeneration      |       |    14 |    12 ||    26
       Animate Dead      |       |       |     4 ||     4
Evoke: Wand              |       |       |     1 ||     1
  Use: Potion            |       |       |     4 ||     4
       Scroll            |       |       |     3 ||     3
 Stab: Sleeping          |     7 |     1 |     2 ||    10
       Distracted        |       |     1 |       ||     1
       Confused          |       |       |     2 ||     2
       Petrifying        |       |       |     1 ||     1
  Eat: Chunk             |     4 |     8 |     9 ||    21
       Royal jelly       |       |       |     1 ||     1
Armor: Robe              |    21 |    27 |    31 ||    79
       Skin              |       |       |     9 ||     9
Dodge: Dodged            |    47 |    70 |   129 ||   246
